[ AOE2 MATCH · #464370412 ]
Team RMGoths vs Bulgarians
[ REPLAY ANALYSIS · EXTRACTED FROM THE RECORDED GAME ]
Feudal
13:27
Castle
17:29
Imperial
—
| APM avg | 15.7 |
| APM peak | 47 |
| eAPM avg | 13.6 |
| Villagers / military | 108 / 68 |
Focus
⚔️ 21.9% · 🌾 78.1%
Huskarl ×55 · Spearman ×9 · Trade Cart ×8 · Monk ×3 · Militia ×1
Feudal
11:25
Castle
23:52
Imperial
31:28
| APM avg | 13.3 |
| APM peak | 39 |
| eAPM avg | 9.6 |
| Villagers / military | 162 / 94 |
Focus
⚔️ 26.2% · 🌾 73.8%
Skirmisher ×80 · Battering Ram ×12 · Trebuchet (Packed) ×2
Feudal
10:38
Castle
24:45
Imperial
—
| APM avg | 33.1 |
| APM peak | 79 |
| eAPM avg | 20.5 |
| Villagers / military | 88 / 86 |
Focus
⚔️ 27.6% · 🌾 72.4%
Spearman ×26 · Skirmisher ×25 · Militia ×21 · Konnik ×14
Feudal
10:51
Castle
14:46
Imperial
—
| APM avg | 45.3 |
| APM peak | 84 |
| eAPM avg | 13.2 |
| Villagers / military | 55 / 52 |
Focus
⚔️ 25.6% · 🌾 74.4%
Conquistador ×46 · Battering Ram ×6
Feudal
11:13
Castle
15:05
Imperial
—
| APM avg | 15.3 |
| APM peak | 59 |
| eAPM avg | 10.9 |
| Villagers / military | 43 / 8 |
Focus
⚔️ 18.9% · 🌾 81.1%
Mangonel ×3 · Knight ×2 · Skirmisher ×2 · Monk ×1
Feudal
9:40
Castle
25:34
Imperial
—
| APM avg | 37.0 |
| APM peak | 96 |
| eAPM avg | 19.8 |
| Villagers / military | 109 / 18 |
Focus
⚔️ 12.0% · 🌾 88.0%
Scout Cavalry ×11 · Knight ×6 · Spearman ×1
Match map
Initial resources + every placement click. Lines = walls · curves = elevation contours. ◆ gold · ⬟ stone · ● berries · ✦ relic · ◌ wall gap
Your base· ✓ Closed at 17:29 · 0t walls · 2 gate(s)
muhammedgulerydo's base· ✓ Closed at 23:52 · 0t walls · 2 gate(s)
dgn.cihat's base· ✓ Closed at 24:45 · 0t walls · 3 gate(s)
Fontleroy's base· ✓ Closed at 14:46 · 0t walls · 3 gate(s)
cevdetaybars's base· ✓ Closed at 15:05 · 0t walls · 2 gate(s)
The Old Grey Whistle Test's base· ✓ Closed at 25:34 · 0t walls · 2 gate(s)
Smoothed initial terrain · ◌ = detected wall gap · hover for details
Inputs per minute
— Nicetomichiyou - - muhammedgulerydo
Build order — Nicetomichiyou
First 150 of 333 actions detected
| 0:01 | Create | Villager (Male) |
| 0:01 | Create | Villager (Male) |
| 0:03 | Build | House |
| 0:06 | Build | House |
| 0:27 | Create | Villager (Male) |
| 1:13 | Create | Villager (Male) |
| 1:46 | Create | Villager (Male) |
| 1:56 | Build | Lumber Camp |
| 2:06 | Create | Villager (Male) |
| 2:36 | Create | Villager (Male) |
| 3:00 | Create | Villager (Male) |
| 3:20 | Create | Villager (Male) |
| 3:56 | Create | Villager (Male) |
| 3:58 | Build | House |
| 4:23 | Create | Villager (Male) |
| 4:26 | Build | Mill |
| 5:09 | Create | Villager (Male) |
| 5:17 | Create | Villager (Male) |
| 6:14 | Create | Villager (Male) |
| 6:23 | Build | House |
| 6:58 | Create | Villager (Male) |
| 7:00 | Create | Villager (Male) |
| 7:26 | Create | Villager (Male) |
| 7:37 | Build | House |
| 7:41 | Build | House |
| 7:56 | Create | Villager (Male) |
| 7:57 | Create | Villager (Male) |
| 8:18 | Build | Lumber Camp |
| 8:43 | Build | Mill |
| 8:57 | Create | Villager (Male) |
| 9:27 | Create | Villager (Male) |
| 10:01 | Create | Villager (Male) |
| 10:04 | Create | Villager (Male) |
| 10:04 | Create | Villager (Male) |
| 10:08 | Research | Loom |
| 10:09 | Research | Feudal Age |
| 10:10 | Create | Villager (Male) |
| 10:10 | Create | Villager (Male) |
| 10:50 | Build | Mining Camp |
| 11:45 | Build | House |
| 11:47 | Build | House |
| 11:55 | Build | Farm |
| 12:19 | Create | Villager (Male) |
| 13:27 | Age | Feudal Age |
| 13:34 | Build | Blacksmith |
| 13:40 | Build | Farm |
| 13:52 | Build | Market |
| 14:20 | Build | Farm |
| 14:21 | Build | Farm |
| 14:22 | Build | Farm |
| 14:29 | Build | Farm |
| 14:49 | Research | Castle Age |
| 15:18 | Create | Villager (Male) |
| 15:18 | Create | Villager (Male) |
| 15:20 | Create | Villager (Male) |
| 15:33 | Research | Double-Bit Axe |
| 15:37 | Research | Horse Collar |
| 15:40 | Research | Gold Mining |
| 15:57 | Build | Mining Camp |
| 16:42 | Build | Farm |
| 16:44 | Build | Farm |
| 16:45 | Build | Farm |
| 16:49 | Build | Farm |
| 16:50 | Build | Farm |
| 16:51 | Build | Farm |
| 16:53 | Build | Farm |
| 16:54 | Build | Farm |
| 17:29 | Age | Castle Age |
| 17:33 | Create | Villager (Male) |
| 17:34 | Create | Villager (Male) |
| 17:34 | Create | Villager (Male) |
| 17:42 | Build | Town Center |
| 18:06 | Build | Monastery |
| 18:41 | Create | Monk |
| 18:42 | Create | Monk |
| 18:54 | Create | Villager (Male) |
| 18:55 | Create | Villager (Male) |
| 19:12 | Research | Fervor |
| 19:24 | Build | Farm |
| 19:29 | Build | Farm |
| 19:31 | Create | Villager (Male) |
| 19:32 | Create | Villager (Male) |
| 19:32 | Create | Villager (Male) |
| 19:49 | Create | Villager (Male) |
| 19:50 | Create | Villager (Male) |
| 19:50 | Create | Villager (Male) |
| 19:51 | Research | Wheelbarrow |
| 20:00 | Create | Villager (Male) |
| 20:01 | Create | Villager (Male) |
| 20:01 | Create | Villager (Male) |
| 20:01 | Create | Villager (Male) |
| 20:08 | Build | Town Center |
| 20:36 | Create | Monk |
| 21:00 | Create | Villager (Male) |
| 21:01 | Create | Villager (Male) |
| 21:01 | Create | Villager (Male) |
| 21:02 | Create | Villager (Male) |
| 21:02 | Create | Villager (Male) |
| 21:09 | Create | Villager (Male) |
| 21:09 | Create | Villager (Male) |
| 21:29 | Build | Town Center |
| 23:18 | Create | Villager (Male) |
| 23:18 | Create | Villager (Male) |
| 23:18 | Create | Villager (Male) |
| 23:28 | Create | Villager (Male) |
| 23:28 | Create | Villager (Male) |
| 23:36 | Build | House |
| 23:40 | Build | House |
| 23:41 | Build | House |
| 23:41 | Build | House |
| 23:43 | Build | House |
| 23:44 | Build | House |
| 23:45 | Build | House |
| 23:56 | Create | Villager (Male) |
| 23:57 | Create | Villager (Male) |
| 23:57 | Create | Villager (Male) |
| 23:57 | Create | Villager (Male) |
| 23:58 | Research | Hand Cart |
| 24:03 | Build | Farm |
| 24:10 | Create | Villager (Male) |
| 24:10 | Create | Villager (Male) |
| 24:10 | Create | Villager (Male) |
| 24:10 | Create | Villager (Male) |
| 24:11 | Create | Villager (Male) |
| 24:15 | Build | Farm |
| 24:19 | Build | Farm |
| 24:26 | Create | Villager (Male) |
| 24:26 | Create | Villager (Male) |
| 24:26 | Create | Villager (Male) |
| 25:00 | Create | Villager (Male) |
| 25:00 | Create | Villager (Male) |
| 25:01 | Create | Villager (Male) |
| 25:09 | Build | Barracks |
| 25:11 | Build | Barracks |
| 25:16 | Research | Scale Mail Armor |
| 25:17 | Research | Forging |
| 25:24 | Build | Farm |
| 25:28 | Create | Villager (Male) |
| 25:29 | Create | Villager (Male) |
| 25:29 | Create | Villager (Male) |
| 25:41 | Build | Mill |
| 25:48 | Build | Farm |
| 25:49 | Build | Farm |
| 25:50 | Build | Farm |
| 25:52 | Build | Farm |
| 25:53 | Build | Farm |
| 25:54 | Build | Farm |
| 25:58 | Build | Farm |
| 26:14 | Create | Villager (Male) |
| 26:14 | Create | Villager (Male) |
Build order — muhammedgulerydo
First 150 of 200 actions detected
| 0:04 | Build | House |
| 0:05 | Build | House |
| 0:07 | Create | Villager (Male) ×4 |
| 0:07 | Create | Villager (Male) ×4 |
| 1:45 | Create | Villager (Male) |
| 1:45 | Create | Villager (Male) |
| 1:54 | Build | Lumber Camp |
| 2:00 | Create | Villager (Male) |
| 2:00 | Create | Villager (Male) |
| 2:33 | Create | Villager (Male) |
| 3:02 | Create | Villager (Male) |
| 3:02 | Create | Villager (Male) |
| 3:23 | Create | Villager (Male) |
| 3:57 | Build | House |
| 4:07 | Create | Villager (Male) |
| 4:07 | Create | Villager (Male) |
| 4:19 | Create | Villager (Male) |
| 4:20 | Create | Villager (Male) |
| 4:20 | Create | Villager (Male) |
| 5:25 | Create | Villager (Male) |
| 5:54 | Create | Villager (Male) |
| 5:55 | Create | Villager (Male) |
| 6:14 | Create | Villager (Male) |
| 6:15 | Create | Villager (Male) |
| 6:15 | Create | Villager (Male) |
| 6:15 | Create | Villager (Male) |
| 6:24 | Build | House |
| 6:43 | Create | Villager (Male) |
| 7:06 | Create | Villager (Male) |
| 7:07 | Create | Villager (Male) |
| 7:07 | Create | Villager (Male) |
| 7:07 | Create | Villager (Male) |
| 7:07 | Create | Villager (Male) |
| 7:24 | Build | Mill |
| 7:33 | Create | Villager (Male) |
| 7:34 | Create | Villager (Male) |
| 7:51 | Create | Villager (Male) |
| 7:51 | Create | Villager (Male) |
| 8:27 | Build | Mining Camp |
| 9:07 | Research | Feudal Age |
| 9:09 | Research | Loom |
| 9:24 | Build | House |
| 9:25 | Build | House |
| 9:46 | Build | Mill |
| 11:10 | Create | Villager (Male) ×5 |
| 11:10 | Create | Villager (Male) ×4 |
| 11:10 | Create | Villager (Male) ×4 |
| 11:25 | Age | Feudal Age |
| 11:28 | Build | Blacksmith |
| 11:43 | Research | Double-Bit Axe |
| 12:04 | Build | Siege Workshop |
| 12:33 | Create | Villager (Male) ×5 |
| 12:34 | Create | Villager (Male) ×5 |
| 12:41 | Create | Battering Ram |
| 12:41 | Create | Battering Ram |
| 13:16 | Create | Battering Ram |
| 13:26 | Create | Villager (Male) |
| 13:26 | Create | Villager (Male) |
| 13:26 | Create | Villager (Male) |
| 13:26 | Create | Villager (Male) |
| 14:05 | Create | Battering Ram |
| 14:12 | Create | Villager (Male) ×2 |
| 14:12 | Create | Villager (Male) ×2 |
| 14:41 | Create | Battering Ram |
| 14:41 | Create | Battering Ram |
| 14:53 | Build | House |
| 16:36 | Create | Villager (Male) ×5 |
| 16:36 | Create | Villager (Male) ×5 |
| 16:37 | Create | Villager (Male) |
| 16:42 | Build | House |
| 16:43 | Build | House |
| 16:43 | Build | House |
| 16:47 | Create | Battering Ram ×3 |
| 16:48 | Create | Battering Ram ×3 |
| 17:48 | Build | Farm |
| 17:49 | Build | Farm |
| 17:49 | Build | Farm |
| 17:49 | Build | Farm |
| 17:49 | Build | Farm |
| 17:50 | Build | Farm |
| 17:50 | Build | Farm |
| 17:50 | Build | Farm |
| 17:50 | Build | Farm |
| 17:51 | Build | Farm |
| 18:04 | Build | Town Center |
| 18:11 | Build | House |
| 18:12 | Build | House |
| 18:13 | Build | House |
| 18:58 | Build | Farm |
| 18:59 | Build | Farm |
| 18:59 | Build | Farm |
| 18:59 | Build | Farm |
| 18:59 | Build | Farm |
| 19:00 | Build | Farm |
| 19:00 | Build | Farm |
| 19:00 | Build | Farm |
| 19:01 | Build | Farm |
| 19:01 | Build | Farm |
| 21:12 | Research | Castle Age |
| 21:19 | Build | Mining Camp |
| 21:25 | Create | Villager (Male) |
| 21:33 | Build | Farm |
| 21:33 | Build | Farm |
| 21:34 | Build | Farm |
| 21:34 | Build | Farm |
| 21:34 | Build | Farm |
| 21:34 | Build | Farm |
| 21:35 | Build | Farm |
| 21:35 | Build | Farm |
| 21:35 | Build | Farm |
| 21:35 | Build | Farm |
| 21:36 | Build | Farm |
| 21:36 | Build | Farm |
| 21:36 | Build | Farm |
| 21:36 | Build | Farm |
| 21:37 | Build | Farm |
| 21:40 | Create | Villager (Male) |
| 22:54 | Create | Villager (Male) ×5 |
| 22:54 | Create | Villager (Male) ×5 |
| 22:55 | Create | Villager (Male) ×3 |
| 23:15 | Build | Mining Camp |
| 23:52 | Age | Castle Age |
| 24:45 | Research | Stone Mining |
| 24:46 | Research | Gold Mining |
| 25:12 | Create | Villager (Male) ×5 |
| 25:12 | Create | Villager (Male) ×5 |
| 25:12 | Create | Villager (Male) ×2 |
| 25:13 | Create | Villager (Male) ×2 |
| 25:52 | Create | Villager (Male) ×5 |
| 25:53 | Create | Villager (Male) ×5 |
| 26:07 | Build | Castle |
| 26:23 | Create | Villager (Male) ×4 |
| 26:23 | Create | Villager (Male) ×4 |
| 26:34 | Build | Town Center |
| 27:10 | Research | Gold Shaft Mining |
| 27:21 | Research | Bow Saw |
| 27:56 | Build | House |
| 27:56 | Build | House |
| 27:56 | Build | House |
| 27:57 | Build | House |
| 27:57 | Build | House |
| 28:18 | Research | Imperial Age |
| 28:36 | Build | Barracks |
| 28:54 | Build | University |
| 29:11 | Build | Archery Range |
| 29:12 | Build | Archery Range |
| 29:22 | Research | Wheelbarrow |
| 29:23 | Research | Town Watch |
| 29:24 | Create | Villager (Male) ×5 |
| 29:24 | Create | Villager (Male) ×5 |
Build order — dgn.cihat
First 150 of 229 actions detected
| 0:11 | Create | Villager (Male) |
| 0:11 | Create | Villager (Male) |
| 0:11 | Create | Villager (Male) |
| 0:13 | Build | House |
| 0:15 | Build | House |
| 1:24 | Create | Villager (Male) |
| 1:25 | Research | Loom |
| 1:54 | Create | Villager (Male) |
| 2:11 | Create | Villager (Male) |
| 2:56 | Create | Villager (Male) |
| 2:57 | Create | Villager (Male) |
| 3:21 | Build | Mill |
| 3:24 | Create | Villager (Male) |
| 3:38 | Build | House |
| 3:57 | Create | Villager (Male) |
| 4:26 | Create | Villager (Male) |
| 4:26 | Create | Villager (Male) |
| 4:46 | Build | Lumber Camp |
| 4:50 | Create | Villager (Male) |
| 5:17 | Create | Villager (Male) |
| 5:17 | Create | Villager (Male) |
| 5:37 | Create | Villager (Male) |
| 5:48 | Create | Villager (Male) |
| 5:58 | Build | House |
| 6:08 | Create | Villager (Male) |
| 6:08 | Create | Villager (Male) |
| 6:25 | Create | Villager (Male) |
| 8:19 | Build | Barracks |
| 8:28 | Research | Feudal Age |
| 8:57 | Build | House |
| 8:57 | Build | House |
| 9:40 | Build | Mining Camp |
| 9:50 | Create | Militia |
| 9:50 | Create | Militia |
| 10:15 | Build | House |
| 10:19 | Create | Militia |
| 10:38 | Age | Feudal Age |
| 10:56 | Build | House |
| 10:59 | Create | Militia |
| 10:59 | Create | Militia |
| 10:59 | Create | Militia |
| 10:59 | Create | Militia |
| 11:08 | Create | Villager (Male) |
| 11:08 | Create | Villager (Male) |
| 11:08 | Create | Villager (Male) |
| 11:14 | Research | Double-Bit Axe |
| 11:34 | Create | Militia |
| 11:34 | Create | Militia |
| 11:58 | Create | Militia |
| 12:27 | Create | Villager (Male) |
| 12:27 | Create | Villager (Male) |
| 12:28 | Create | Villager (Male) |
| 12:36 | Create | Militia |
| 12:37 | Create | Militia |
| 12:44 | Build | Blacksmith |
| 12:50 | Create | Militia |
| 12:50 | Create | Militia |
| 12:50 | Create | Militia |
| 12:56 | Create | Villager (Male) |
| 13:27 | Create | Militia |
| 13:46 | Create | Militia |
| 13:47 | Create | Militia |
| 13:55 | Build | Farm |
| 13:59 | Build | Farm |
| 14:13 | Create | Militia |
| 14:21 | Build | Farm |
| 14:25 | Build | Farm |
| 14:35 | Build | House |
| 14:48 | Create | Militia |
| 14:48 | Create | Militia |
| 15:00 | Build | Farm |
| 15:00 | Build | Farm |
| 15:01 | Build | Farm |
| 15:01 | Build | Farm |
| 15:01 | Build | Farm |
| 15:02 | Build | Farm |
| 16:42 | Research | Forging |
| 17:41 | Build | Farm |
| 17:44 | Research | Horse Collar |
| 17:49 | Build | Farm |
| 17:51 | Create | Villager (Male) |
| 17:51 | Create | Villager (Male) |
| 17:52 | Create | Villager (Male) |
| 17:52 | Create | Villager (Male) |
| 17:52 | Create | Villager (Male) |
| 18:04 | Build | Farm |
| 18:04 | Build | Farm |
| 18:04 | Build | Farm |
| 18:05 | Build | Farm |
| 18:05 | Build | Farm |
| 18:05 | Build | Farm |
| 18:08 | Build | Farm |
| 18:09 | Build | Farm |
| 18:45 | Build | Farm |
| 20:21 | Build | Farm |
| 20:23 | Build | Farm |
| 20:24 | Build | Farm |
| 20:30 | Create | Villager (Male) |
| 20:30 | Create | Villager (Male) |
| 20:57 | Build | Market |
| 21:15 | Research | Town Watch |
| 21:28 | Create | Villager (Male) |
| 21:52 | Research | Castle Age |
| 22:45 | Build | Mining Camp |
| 23:29 | Build | Archery Range |
| 24:28 | Build | Farm |
| 24:45 | Age | Castle Age |
| 25:50 | Build | Town Center |
| 25:57 | Create | Villager (Male) |
| 25:57 | Create | Villager (Male) |
| 25:57 | Create | Villager (Male) |
| 25:57 | Create | Villager (Male) |
| 25:58 | Create | Villager (Male) |
| 25:58 | Create | Villager (Male) |
| 25:58 | Create | Villager (Male) |
| 26:42 | Research | Wheelbarrow |
| 26:46 | Create | Villager (Male) |
| 26:46 | Create | Villager (Male) |
| 26:46 | Create | Villager (Male) |
| 26:46 | Create | Villager (Male) |
| 27:10 | Build | Farm |
| 27:15 | Create | Villager (Male) |
| 27:15 | Create | Villager (Male) |
| 27:15 | Create | Villager (Male) |
| 27:15 | Create | Villager (Male) |
| 27:15 | Create | Villager (Male) |
| 27:16 | Create | Villager (Male) |
| 27:16 | Create | Villager (Male) |
| 27:38 | Research | Bow Saw |
| 28:09 | Create | Villager (Male) |
| 28:09 | Create | Villager (Male) |
| 28:10 | Create | Villager (Male) |
| 28:10 | Create | Villager (Male) |
| 28:10 | Create | Villager (Male) |
| 28:10 | Create | Villager (Male) |
| 28:11 | Create | Villager (Male) |
| 28:11 | Create | Villager (Male) |
| 28:11 | Create | Villager (Male) |
| 28:11 | Create | Villager (Male) |
| 28:12 | Create | Villager (Male) |
| 28:12 | Create | Villager (Male) |
| 28:12 | Create | Villager (Male) |
| 28:13 | Create | Villager (Male) |
| 28:13 | Create | Villager (Male) |
| 28:29 | Research | Heavy Plow |
| 28:35 | Create | Villager (Male) |
| 28:36 | Create | Villager (Male) |
| 28:56 | Build | Town Center |
| 28:59 | Create | Villager (Male) |
| 28:59 | Create | Villager (Male) |
Build order — Fontleroy
122 actions detected in the replay
| 0:02 | Create | Villager (Male) |
| 0:02 | Create | Villager (Male) |
| 0:03 | Create | Villager (Male) |
| 0:03 | Create | Villager (Male) |
| 0:06 | Build | House |
| 0:08 | Build | House |
| 0:09 | Build | House |
| 1:35 | Create | Villager (Male) |
| 1:49 | Build | Lumber Camp |
| 1:57 | Create | Villager (Male) |
| 2:24 | Create | Villager (Male) |
| 2:37 | Create | Villager (Male) |
| 3:10 | Create | Villager (Male) |
| 4:00 | Create | Villager (Male) |
| 4:09 | Build | Mill |
| 4:28 | Create | Villager (Male) |
| 4:28 | Create | Villager (Male) |
| 4:57 | Create | Villager (Male) |
| 4:57 | Create | Villager (Male) |
| 5:19 | Create | Villager (Male) |
| 5:55 | Create | Villager (Male) |
| 5:55 | Create | Villager (Male) |
| 5:59 | Create | Villager (Male) |
| 5:59 | Create | Villager (Male) |
| 6:04 | Build | House |
| 6:07 | Build | House |
| 6:17 | Create | Villager (Male) |
| 6:18 | Create | Villager (Male) |
| 6:44 | Create | Villager (Male) |
| 6:44 | Create | Villager (Male) |
| 7:55 | Create | Villager (Male) |
| 7:55 | Create | Villager (Male) |
| 8:41 | Research | Feudal Age |
| 9:36 | Create | Villager (Male) |
| 9:36 | Create | Villager (Male) |
| 10:16 | Build | Mill |
| 10:51 | Age | Feudal Age |
| 10:53 | Build | Market |
| 11:00 | Build | Blacksmith |
| 12:06 | Research | Castle Age |
| 12:29 | Build | Mining Camp |
| 12:51 | Build | House |
| 13:12 | Build | Mining Camp |
| 13:31 | Research | Stone Mining |
| 13:44 | Create | Villager (Male) |
| 13:45 | Create | Villager (Male) |
| 13:45 | Create | Villager (Male) |
| 14:41 | Build | Mining Camp |
| 14:46 | Age | Castle Age |
| 15:15 | Create | Villager (Male) |
| 15:15 | Create | Villager (Male) |
| 15:15 | Create | Villager (Male) |
| 15:36 | Build | Castle |
| 15:57 | Build | Farm |
| 16:10 | Build | Farm |
| 16:40 | Build | House |
| 17:49 | Build | Mill |
| 17:52 | Create | Conquistador |
| 17:53 | Create | Conquistador |
| 17:53 | Create | Conquistador |
| 18:06 | Create | Villager (Male) |
| 18:11 | Build | Farm |
| 18:48 | Create | Conquistador |
| 18:58 | Create | Conquistador |
| 19:21 | Create | Conquistador |
| 19:21 | Create | Conquistador |
| 20:54 | Create | Conquistador ×4 |
| 20:54 | Create | Conquistador ×4 |
| 21:03 | Build | Siege Workshop |
| 22:23 | Create | Conquistador ×2 |
| 22:23 | Create | Conquistador ×2 |
| 22:56 | Create | Villager (Male) ×5 |
| 22:56 | Create | Villager (Male) |
| 23:33 | Build | Castle |
| 25:15 | Research | Fletching |
| 25:24 | Create | Battering Ram |
| 25:24 | Create | Battering Ram |
| 25:24 | Create | Battering Ram |
| 26:14 | Create | Conquistador |
| 26:14 | Create | Conquistador |
| 26:20 | Build | Watch Tower |
| 27:07 | Create | Villager (Male) |
| 27:17 | Build | Farm |
| 27:17 | Build | Farm |
| 27:17 | Build | Farm |
| 27:18 | Build | Farm |
| 27:18 | Build | Farm |
| 27:19 | Build | Farm |
| 27:20 | Build | Farm |
| 27:37 | Build | Mill |
| 29:09 | Create | Conquistador ×4 |
| 29:29 | Create | Villager (Male) |
| 29:29 | Create | Villager (Male) |
| 29:30 | Create | Villager (Male) |
| 29:38 | Build | Mining Camp |
| 29:45 | Build | Farm |
| 30:58 | Create | Conquistador |
| 30:59 | Create | Conquistador |
| 31:03 | Create | Villager (Male) |
| 31:03 | Create | Villager (Male) |
| 31:03 | Create | Villager (Male) |
| 31:04 | Create | Villager (Male) |
| 31:04 | Create | Villager (Male) |
| 31:04 | Create | Villager (Male) |
| 31:05 | Create | Villager (Male) |
| 31:13 | Build | Town Center |
| 31:30 | Build | Lumber Camp |
| 31:48 | Research | Bodkin Arrow |
| 31:53 | Research | Padded Archer Armor |
| 31:58 | Create | Conquistador |
| 31:59 | Create | Conquistador |
| 32:55 | Create | Villager (Male) |
| 32:55 | Create | Villager (Male) |
| 32:57 | Create | Villager (Male) |
| 32:58 | Create | Villager (Male) |
| 34:04 | Create | Battering Ram |
| 34:04 | Create | Battering Ram |
| 34:04 | Create | Battering Ram |
| 35:24 | Create | Conquistador ×5 |
| 35:24 | Create | Conquistador ×4 |
| 37:12 | Create | Conquistador ×5 |
| 37:12 | Create | Conquistador ×3 |
Build order — cevdetaybars
80 actions detected in the replay
| 0:05 | Build | House |
| 0:08 | Build | House |
| 0:12 | Create | Villager (Male) ×5 |
| 0:15 | Create | Villager (Male) |
| 1:37 | Create | Villager (Male) |
| 2:33 | Create | Villager (Male) |
| 3:17 | Build | House |
| 3:22 | Create | Villager (Male) |
| 3:46 | Build | House |
| 4:02 | Create | Villager (Male) |
| 4:03 | Create | Villager (Male) |
| 4:03 | Create | Villager (Male) |
| 4:18 | Create | Villager (Male) |
| 4:30 | Build | Lumber Camp |
| 4:54 | Create | Villager (Male) |
| 5:16 | Create | Villager (Male) |
| 6:12 | Create | Villager (Male) |
| 6:48 | Create | Villager (Male) |
| 7:05 | Build | Mill |
| 7:12 | Create | Villager (Male) |
| 7:43 | Create | Villager (Male) |
| 7:54 | Build | House |
| 8:00 | Create | Villager (Male) |
| 8:15 | Create | Villager (Male) |
| 8:19 | Research | Feudal Age |
| 8:38 | Build | Mining Camp |
| 9:12 | Build | Farm |
| 10:16 | Create | Villager (Male) |
| 11:13 | Age | Feudal Age |
| 11:16 | Build | Blacksmith |
| 11:34 | Build | Market |
| 11:37 | Create | Villager (Male) |
| 11:50 | Build | Farm |
| 12:25 | Research | Castle Age |
| 12:45 | Build | Barracks |
| 13:11 | Research | Double-Bit Axe |
| 13:21 | Build | House |
| 13:45 | Research | Horse Collar |
| 13:50 | Build | House |
| 14:11 | Create | Villager (Male) |
| 14:29 | Build | Stable |
| 15:05 | Age | Castle Age |
| 15:07 | Create | Villager (Male) |
| 15:14 | Build | House |
| 15:19 | Create | Knight |
| 15:21 | Create | Knight |
| 15:37 | Research | Bow Saw |
| 15:57 | Build | Monastery |
| 16:05 | Create | Villager (Male) |
| 16:38 | Create | Villager (Male) |
| 16:57 | Build | Farm |
| 16:58 | Build | Farm |
| 17:21 | Build | Siege Workshop |
| 17:47 | Build | Town Center |
| 17:51 | Create | Villager (Male) |
| 17:51 | Create | Villager (Male) |
| 17:56 | Build | Farm |
| 17:57 | Build | Farm |
| 18:10 | Build | Farm |
| 18:15 | Create | Monk |
| 18:31 | Build | Farm |
| 18:39 | Build | Farm |
| 18:42 | Create | Villager (Male) |
| 19:15 | Create | Mangonel |
| 20:21 | Create | Villager (Male) ×5 |
| 20:36 | Build | Farm |
| 20:44 | Create | Mangonel |
| 20:44 | Create | Mangonel |
| 21:12 | Research | Husbandry |
| 21:25 | Create | Villager (Male) |
| 21:32 | Build | Farm |
| 21:34 | Build | Farm |
| 22:21 | Build | Archery Range |
| 22:27 | Create | Villager (Male) |
| 23:10 | Create | Villager (Male) |
| 23:27 | Create | Skirmisher |
| 23:27 | Create | Skirmisher |
| 23:38 | Build | Castle |
| 25:09 | Create | Villager (Male) |
| 26:36 | Create | Villager (Male) ×4 |
Build order — The Old Grey Whistle Test
First 150 of 204 actions detected
| 0:01 | Create | Villager (Male) |
| 0:01 | Create | Villager (Male) |
| 0:01 | Create | Villager (Male) |
| 0:01 | Create | Villager (Male) |
| 1:34 | Create | Villager (Male) |
| 1:48 | Create | Villager (Male) |
| 1:51 | Build | Lumber Camp |
| 2:20 | Create | Villager (Male) |
| 2:49 | Create | Villager (Male) |
| 2:50 | Create | Villager (Male) |
| 3:51 | Create | Villager (Male) |
| 4:03 | Create | Villager (Male) |
| 4:21 | Build | Mill |
| 4:33 | Create | Villager (Male) |
| 5:06 | Create | Villager (Male) |
| 5:07 | Create | Villager (Male) |
| 5:33 | Create | Villager (Male) |
| 6:00 | Build | Lumber Camp |
| 6:06 | Create | Villager (Male) |
| 6:14 | Research | Loom |
| 7:30 | Research | Feudal Age |
| 8:06 | Create | Villager (Male) |
| 8:06 | Create | Villager (Male) |
| 8:08 | Create | Villager (Male) |
| 8:13 | Build | Barracks |
| 8:55 | Create | Villager (Male) |
| 9:40 | Age | Feudal Age |
| 9:51 | Build | Stable |
| 9:56 | Create | Villager (Male) |
| 9:57 | Create | Villager (Male) |
| 9:59 | Research | Double-Bit Axe |
| 10:25 | Build | Farm |
| 10:44 | Create | Scout Cavalry |
| 10:45 | Create | Scout Cavalry |
| 11:04 | Build | Mining Camp |
| 11:14 | Build | Farm |
| 11:19 | Create | Scout Cavalry |
| 11:31 | Build | Farm |
| 12:02 | Create | Spearman |
| 12:33 | Create | Villager (Male) |
| 12:52 | Build | Farm |
| 12:54 | Build | Farm |
| 13:01 | Build | Farm |
| 13:03 | Create | Villager (Male) |
| 13:11 | Build | Farm |
| 13:34 | Build | Farm |
| 13:35 | Create | Villager (Male) |
| 13:41 | Build | Farm |
| 13:43 | Create | Villager (Male) |
| 13:43 | Create | Villager (Male) |
| 13:47 | Research | Horse Collar |
| 13:51 | Create | Scout Cavalry |
| 14:28 | Build | Farm |
| 14:54 | Create | Scout Cavalry |
| 14:55 | Create | Scout Cavalry |
| 14:58 | Build | Blacksmith |
| 15:07 | Create | Scout Cavalry |
| 16:28 | Create | Scout Cavalry |
| 16:28 | Create | Scout Cavalry |
| 16:29 | Create | Scout Cavalry |
| 16:29 | Create | Scout Cavalry |
| 17:37 | Build | Town Center |
| 17:48 | Build | Gate |
| 18:27 | Create | Villager (Male) |
| 18:32 | Build | Farm |
| 18:35 | Build | Farm |
| 19:02 | Create | Villager (Male) |
| 19:25 | Create | Villager (Male) |
| 19:37 | Build | Farm |
| 19:40 | Create | Villager (Male) |
| 19:47 | Build | Market |
| 19:57 | Build | Farm |
| 19:58 | Build | Farm |
| 20:19 | Create | Villager (Male) |
| 20:20 | Create | Villager (Male) |
| 20:46 | Build | Farm |
| 20:47 | Build | Farm |
| 20:56 | Build | Farm |
| 21:00 | Build | Farm |
| 21:04 | Create | Villager (Male) |
| 21:11 | Build | Farm |
| 21:22 | Create | Villager (Male) |
| 21:39 | Build | Farm |
| 22:05 | Create | Villager (Male) |
| 22:54 | Research | Castle Age |
| 22:57 | Create | Villager (Male) |
| 22:58 | Create | Villager (Male) |
| 25:18 | Create | Villager (Male) |
| 25:26 | Build | Farm |
| 25:28 | Build | Farm |
| 25:30 | Create | Villager (Male) |
| 25:32 | Create | Villager (Male) |
| 25:34 | Age | Castle Age |
| 26:04 | Build | Mining Camp |
| 26:16 | Build | Town Center |
| 26:19 | Create | Villager (Male) |
| 26:20 | Create | Villager (Male) |
| 26:55 | Create | Villager (Male) |
| 27:29 | Build | Farm |
| 27:38 | Create | Villager (Male) |
| 27:39 | Create | Villager (Male) |
| 27:40 | Create | Villager (Male) |
| 27:40 | Create | Villager (Male) |
| 27:40 | Create | Villager (Male) |
| 27:41 | Create | Villager (Male) |
| 27:41 | Create | Villager (Male) |
| 27:41 | Create | Villager (Male) |
| 27:41 | Create | Villager (Male) |
| 27:43 | Create | Villager (Male) |
| 27:43 | Create | Villager (Male) |
| 27:43 | Create | Villager (Male) |
| 27:43 | Create | Villager (Male) |
| 28:01 | Create | Villager (Male) |
| 28:07 | Build | Farm |
| 28:27 | Research | Gold Mining |
| 28:29 | Research | Bow Saw |
| 28:33 | Create | Villager (Male) |
| 28:34 | Create | Villager (Male) |
| 28:34 | Create | Villager (Male) |
| 29:27 | Create | Villager (Male) |
| 29:28 | Create | Villager (Male) |
| 29:28 | Create | Villager (Male) |
| 29:30 | Create | Villager (Male) |
| 29:53 | Build | Farm |
| 29:56 | Build | Farm |
| 29:57 | Build | Farm |
| 30:00 | Build | Farm |
| 30:04 | Build | Farm |
| 30:07 | Create | Villager (Male) |
| 30:11 | Create | Villager (Male) |
| 30:49 | Create | Villager (Male) |
| 30:53 | Create | Villager (Male) |
| 30:55 | Research | Bloodlines |
| 30:58 | Research | Scale Barding Armor |
| 31:07 | Build | Town Center |
| 31:31 | Create | Villager (Male) |
| 31:32 | Create | Villager (Male) |
| 31:39 | Research | Forging |
| 31:41 | Build | Lumber Camp |
| 31:43 | Create | Villager (Male) |
| 31:55 | Create | Knight |
| 31:56 | Create | Knight |
| 32:19 | Create | Villager (Male) |
| 32:21 | Create | Villager (Male) |
| 32:28 | Build | Farm |
| 32:29 | Create | Villager (Male) |
| 32:30 | Create | Villager (Male) |
| 32:34 | Create | Villager (Male) |
| 32:34 | Create | Villager (Male) |
| 32:34 | Create | Villager (Male) |
Match timeline
| 8:13 | The Old Grey Whistle Test · first_building Barracks |
| 8:19 | dgn.cihat · first_building Barracks |
| 9:40 | The Old Grey Whistle Test · age_up feudal |
| 9:51 | The Old Grey Whistle Test · first_building Stable |
| 10:38 | dgn.cihat · age_up feudal |
| 10:51 | Fontleroy · age_up feudal |
| 11:13 | cevdetaybars · age_up feudal |
| 11:25 | muhammedgulerydo · age_up feudal |
| 11:59 | Fontleroy · first_market_sell 100 stone |
| 12:04 | muhammedgulerydo · first_building Siege Workshop |
| 12:45 | cevdetaybars · first_building Barracks |
| 13:27 | Nicetomichiyou · age_up feudal |
| 14:29 | cevdetaybars · first_building Stable |
| 14:46 | Fontleroy · age_up castle |
| 15:05 | cevdetaybars · age_up castle |
| 15:36 | Fontleroy · first_building Castle |
| 15:57 | cevdetaybars · first_building Monastery |
| 17:21 | cevdetaybars · first_building Siege Workshop |
| 17:29 | Nicetomichiyou · age_up castle |
| 18:06 | Nicetomichiyou · first_building Monastery |
| 21:03 | Fontleroy · first_building Siege Workshop |
| 21:44 | The Old Grey Whistle Test · first_market_buy 100 food |
| 21:48 | The Old Grey Whistle Test · first_market_sell 100 wood |
| 22:21 | cevdetaybars · first_building Archery Range |
| 23:29 | dgn.cihat · first_building Archery Range |
| 23:38 | cevdetaybars · first_building Castle |
| 23:52 | muhammedgulerydo · age_up castle |
| 24:45 | dgn.cihat · age_up castle |
| 25:09 | Nicetomichiyou · first_building Barracks |
| 25:27 | cevdetaybars · first_market_sell 500 wood |
| 25:34 | The Old Grey Whistle Test · age_up castle |
| 26:07 | muhammedgulerydo · first_building Castle |
| 26:12 | Nicetomichiyou · tribute_sent a jugador 1 |
| 26:12 | Nicetomichiyou · tribute_sent a jugador 3 |
| 26:12 | Nicetomichiyou · tribute_sent a jugador 4 |
| 26:12 | Nicetomichiyou · tribute_sent a jugador 5 |
| 26:12 | Nicetomichiyou · tribute_sent a jugador 6 |
| 26:31 | dgn.cihat · tribute_sent a jugador 1 |
| 26:31 | dgn.cihat · tribute_sent a jugador 2 |
| 26:31 | dgn.cihat · tribute_sent a jugador 4 |
| 26:31 | dgn.cihat · tribute_sent a jugador 5 |
| 26:31 | dgn.cihat · tribute_sent a jugador 6 |
| 28:36 | muhammedgulerydo · first_building Barracks |
| 29:11 | muhammedgulerydo · first_building Archery Range |
| 29:56 | Nicetomichiyou · first_market_buy 100 stone |
| 30:19 | Nicetomichiyou · first_building Castle |
| 30:32 | dgn.cihat · first_building Castle |
| 31:28 | muhammedgulerydo · age_up imperial |
| 33:56 | dgn.cihat · first_building Stable |
| 36:59 | muhammedgulerydo · resign |
[ AI ANALYSIS · 1 CREDIT ]
What really happened in this match?
Wolo.gg analyzes every decision: build order, eco, micro, common mistakes by bracket. Personalized analysis on WhatsApp or Discord in 30 seconds.
Civ guide
Goths
Map guide
Arena
Perfil
Jugador #1908488